 Dungeon Crawl Stone Soup version 0.18.1-6-gd335043 (webtiles) character file.

95 Gingerlord the Skirmisher (level 4, -4/38 HPs)
             Began as a Formicid Abyssal Knight on May 17, 2016.
             Was a Believer of Lugonu.
             Killed from afar by Robin (6 damage)
             ... with a wand of flame
             ... on level 4 of the Dungeon.
             The game lasted 00:03:33 (1999 turns).

Gingerlord the Skirmisher (Formicid Abyssal Knight) Turns: 1999, Time: 00:03:33

Health: -4/38      AC: 10    Str: 16 (17) XL:     4   Next: 97%
Magic:  6/6        EV:  7    Int: 16      God:    Lugonu [**....]
Gold:   140        SH:  0    Dex: 10 (11) Spells: 0 memorised, 3 levels left

rFire  + . .     SeeInvis +     a - +1 falchion
rCold  + . .     Gourm    .     n - +0 chain mail
rNeg   . . .     Faith    .     (no shield)
rPois  +         Spirit   .     (helmet unavailable)
rElec  +         Dismiss  .     (no cloak)
rCorr  +         Reflect  .     (no gloves)
SustAt +         Harm     .     f - +0 pair of boots
MR     .....                    (no amulet)
Stlth  ..........               (no ring)
                                g - ring of sustain attributes

@: brilliant, resistant, not resistant to hostile enchantments, extremely
unstealthy
A: permanent stasis, dig shafts and tunnels, four strong arms, antennae 3
a: Dig, Shaft Self, Depart the Abyss, Bend Space, Renounce Religion


You were on level 4 of the Dungeon.
You worshipped Lugonu.
Lugonu was pleased with you.
You were hungry.

You visited 1 branch of the dungeon, and saw 4 of its levels.
You visited the Abyss 1 time.

You collected 140 gold pieces.

Inventory:

Hand Weapons
 a - a +1 falchion (weapon)
Armour
 b - a +0 large shield
 f - a +0 pair of boots (worn)
 n - a +0 chain mail (worn)
Jewellery
 g - a ring of sustain attributes (left hand)
Scrolls
 d - a scroll of recharging {unknown}
 e - 3 scrolls of remove curse {unknown}
 j - 2 scrolls of identify {unknown}
 p - a scroll of fog {unknown}
 r - 2 scrolls of teleportation {unknown}
Comestibles
 c - 3 bread rations
 h - 3 beef jerkies
 m - a slice of pizza
 q - a meat ration
 s - a royal jelly
 t - 2 fruits


   Skills:
 + Level 4.3 Fighting
 + Level 2.6 Long Blades
 + Level 2.8 Armour
 + Level 1.1 Dodging
 + Level 1.0 Shields
 + Level 3.0 Invocations


You had 3 spell levels left.
You didn't know any spells.

Dungeon Overview and Level Annotations

Branches:
Dungeon (4/15)
 Temple: D:4-7

Altars:
Yredelemnul

Portals:
Abyss: D:1***

Annotations:
D:4 Robin


Innate Abilities, Weirdness & Mutations

You are under a permanent stasis effect.
You can dig through walls and to a lower floor.
Your four strong arms can wield two-handed weapons with a shield.
You have a pair of large antennae on your head (SInv).


Message History

Robin is moderately wounded.
Robin zaps a wand.
The puff of flame hits you! You resist.
* * * LOW HITPOINT WARNING * * *
The goblin closely misses you.
Unknown command.
You hit Robin.
Robin is severely wounded.
Robin barely misses you. The goblin hits you but does no damage.
Unknown command.
You hit Robin but do no damage.
Robin is severely wounded.
Robin says, "My goblins will feast on your bones."
Robin hits you with a dagger.
* * * LOW HITPOINT WARNING * * *
The goblin hits you but does no damage.
Unknown command.
You closely miss Robin.
Robin is severely wounded.
Robin zaps a wand.
The puff of flame hits you! You resist.
You die...

#.### ##.....##
#.# ##...## #.#
#+## #.# # #>#
.# #.# #.#
#.######## #gg{
#........##g#{{{
########.#@#
#.g## #.#.#
#....# #####.#
##


You could see Robin, 2 hobgoblins and a goblin.

Vanquished Creatures
  3 adders
  An ooze (D:2)
  A dart slug (D:1)
  4 giant geckos (D:3)
  4 orcs (D:3)
  6 bats
  A giant cockroach (D:2)
  11 goblins
  4 hobgoblins
  4 jackals (D:2)
  4 kobolds
  A giant gecko skeleton (D:3)
  3 giant newts
  A jackal skeleton (D:4)
  3 rats
51 creatures vanquished.

Notes
Turn   | Place    | Note
--------------------------------------------------------------
     0 | Abyss:1  | Gingerlord the Formicid Abyssal Knight began the quest for the Orb.
     0 | Abyss:1  | Reached XP level 1. HP: 18/18 MP: 2/2
    39 | Abyss:1  | Noticed a ynoxinul
    44 | D:1      | Escaped the Abyss
   184 | D:1      | Reached * piety under Lugonu
   184 | D:1      | Reached XP level 2. HP: 19/25 MP: 3/3
   701 | D:2      | Reached skill level 4 in Fighting
   802 | D:2      | Reached XP level 3. HP: 30/30 MP: 4/4
   896 | D:2      | Reached skill level 1 in Dodging
  1104 | D:2      | Found a basalt altar of Yredelemnul.
  1380 | D:3      | Reached XP level 4. HP: 33/37 MP: 5/5
  1587 | D:3      | Reached ** piety under Lugonu
  1687 | D:3      | Reached skill level 1 in Shields
  1975 | D:4      | Noticed Robin
  1998 | D:4      | HP: 1/38 [Robin/dagger (4)]
  1999 | D:4      | Killed from afar by Robin

Skill      XL: |  1  2  3  4 |
---------------+-------------+-----
Fighting       | 4 |  4.3
Dodging        | 1 |  1.1
Shields        | 1 |  1.0
Invocations    | 3 |  3.0
Long Blades    | |  2.6
Armour         | |  2.8

Action                   |  1- 3 |  4- 6 || total
-------------------------+-------+-------++-------
Melee: Falchion          |    92 |    94 ||   186
Invok: Depart the Abyss  |     1 |       ||     1
  Use: Potion            |       |     4 ||     4
  Eat: Chunk             |     1 |     2 ||     3
Armor: Leather armour    |    14 |       ||    14
       Chain mail        |    50 |    73 ||   123
Dodge: Dodged            |    52 |    34 ||    86
